 Dungeon Crawl Stone Soup version 0.24.0-1-gfbc8707122 (console) character file.

Game seed: 15294981629518361164, levelgen mode: deterministic

56 AlterAsc the Ruffian (level 3, 0/28 HPs)
             Began as a Draconian Transmuter on Oct 27, 2019.
             Succumbed to an adder's poison
             ... on level 3 of the Dungeon.
             The game lasted 00:04:08 (1386 turns).

AlterAsc the Ruffian (Draconian Transmuter)         Turns: 1386, Time: 00:04:08

Health: 0/28       AC:  6    Str: 13    XL:     3   Next: 69%
Magic:  6/6        EV: 12    Int: 13    God:
Gold:   83         SH:  0    Dex: 11    Spells: 4/7 levels left

rFire    . . .     SeeInvis .     - Unarmed
rCold    . . .     Gourm    .   (no shield)
rNeg     . . .     Faith    .   (armour unavailable)
rPois    .         Spirit   .   (helmet restricted)
rElec    .         Reflect  .   h - +0 cloak
rCorr    .         Harm     .   (no gloves)
MR       .....                  (boots currently unavailable)
Stlth    +.........             (no amulet)
HPRegen  0.09/turn              (no ring)
MPRegen  0.10/turn              (no ring)

@: lethally poisoned (0 -> -6), appendage
A: unfitting armour, talons 3, cold-blooded, AC +5
a: End Transformation


You were on level 3 of the Dungeon.
You were not hungry.
You had grown temporary talons.
You visited 1 branch of the dungeon, and saw 3 of its levels.

You collected 83 gold pieces.

Inventory:

Missiles
 a - 35 arrows
Armour
 h - a +0 cloak (worn)
Wands
 j - a wand of flame (19)
Scrolls
 d - a scroll of immolation {unknown}
 e - a scroll of enchant armour {unknown}
 f - 3 scrolls of teleportation
 i - 3 scrolls of fear {unknown}
 l - a scroll of identify {unknown}
 m - a scroll of amnesia {unknown}
Potions
 g - a potion of lignification
 k - a potion of curing {unknown}
 n - a potion of might {unknown}
Comestibles
 b - a chunk of flesh
 c - 5 rations


   Skills:
 + Level 1.6 Fighting
 * Level 2.2 Dodging
 + Level 3.3 Unarmed Combat
 * Level 2.6 Spellcasting
 * Level 2.6 Transmutations


You had 4 spell levels left.
You knew the following spells:

 Your Spells              Type           Power        Failure   Level  Hunger
a - Beastly Appendage     Tmut           #.....       9%          1    #......
b - Sticks to Snakes      Tmut           #.......     12%         2    ###....

Your spell library contained the following spells:

 Spells                   Type           Power        Failure   Level  Hunger
 Spider Form              Tmut/Pois      #.........   38%         3    ###....
 Ice Form                 Ice/Tmut       #.......     80%         4    #####..
 Blade Hands              Tmut           #.........   92%         5    ######.


Dungeon Overview and Level Annotations

Branches:
Dungeon (3/15)

Altars:
Dithmenos
Kikubaaqudgha
Xom


Innate Abilities, Weirdness & Mutations

Your plain brown scales are hard. (AC +5)
You cannot fit into any form of body armour.
You are cold-blooded and may be slowed by cold attacks.
You have claws for feet.


Message History

* * * LOW HITPOINT WARNING * * *
You closely miss the adder. The adder misses you.
You miss the adder. Your kick misses the adder.
Your tail-slap misses the adder.
The adder closely misses you.
You miss the adder.
The kobold shouts!
Your kick misses the adder.
Your tail-slap misses the adder.
The adder bites you but does no damage. The adder closely misses you.
You hit the adder.
The adder is heavily wounded.
The adder closely misses you.
You hit the adder but do no damage.
The adder is heavily wounded.
The adder bites you.
* * * LOW HITPOINT WARNING * * *
You are lethally poisoned!
The adder poisons you!
You hit the adder.
The adder is severely wounded.
You die...

. ## ..###......
. #......... #
.......... .. ##
.......l. K## .#
## ....>..r. ....
.##... ........#
(.... .....
........###....$#
.##.##
#.S@$.....#
......
########...
...... ..##.. ###
.. ##.. # #. .


You could see an adder and a kobold.

Vanquished Creatures
  2 adders
  A leopard gecko (D:2)
  2 giant cockroaches (D:2)
  5 goblins
  7 hobgoblins
  3 jackals (D:2)
  2 kobolds
  A quokka (D:3)
  4 bats (D:2)
  3 frilled lizards
  4 rats
34 creatures vanquished.

Notes
Turn   | Place    | Note
-------+----------+-------------------------------------------
     0 | D:1      | AlterAsc the Draconian Transmuter began the quest for the
                  | Orb.
     0 | D:1      | Reached XP level 1. HP: 16/16 MP: 3/3
   361 | D:1      | Found a shimmering altar of Xom.
   667 | D:2      | Reached XP level 2. HP: 23/23 MP: 5/5
   710 | D:2      | Learned a level 2 spell: Sticks to Snakes
   800 | D:2      | Reached XP level 3. HP: 22/28 MP: 6/6
  1130 | D:2      | Found a shadowy altar of Dithmenos.
  1141 | D:2      | Found an ancient bone altar of Kikubaaqudgha.
  1301 | D:3      | HP: 1/42 [hobgoblin/+0 club (2)]
  1385 | D:3      | HP: 1/28 [adder (3)]
  1386 | D:3      | Succumbed to an adder's poison

Levels and vault maps discovered:
D:1:      dpeg_arrival_erosion, layout_basic, xom_teletrap_fun
D:2:      layout_basic, minitemple, first_ration
D:3:      layout_rooms, gammafunk_ghost_nasty_kobolds

Skill      XL: |  1  2 |
---------------+-------+-----
Dodging        | 2 |  2.2
Fighting       | |  1.6
Unarmed Combat | |  3.3
Spellcasting   | |  2.6
Transmutations | |  2.6

Action                   || total
-------------------------++-------
Melee: Unarmed           ||   129
       Tailslap          ||    10
       Headbutt          ||     4
       Kick              ||     4
       Punch             ||     1
 Cast: Beastly Appendage ||    17
  Use: Scroll            ||     2
       Potion            ||     1
  Eat: Chunk             ||     2
Armor: Skin              ||    50
Dodge: Dodged            ||   109
